 Dungeon Crawl Stone Soup version 0.21-a0-344-g2144152 (webtiles) character file.

9 Amnesiac the Destroyer (level 2, 16/19 HPs)
             Began as a Gnoll Conjurer on Oct 4, 2017.
             Was a Follower of Yredelemnul.
             Quit the game on level 3 of the Dungeon.
             The game lasted 00:00:36 (130 turns).

Amnesiac the Destroyer (Gnoll Conjurer)              Turns: 130, Time: 00:00:37

Health: 16/19      AC:  2    Str: 10    XL:     2   Next: 12%
Magic:  5/7        EV: 14    Int: 17    God:    Yredelemnul [*.....]
Gold:   8          SH:  0    Dex: 15    Spells: 9/10 levels left

rFire    . . .     SeeInvis .   (no weapon)
rCold    . . .     Gourm    .   (no shield)
rNeg     . . .     Faith    .   a - +0 robe
rPois    .         Spirit   .   (no helmet)
rElec    .         Reflect  .   (no cloak)
rCorr    .         Harm     .   (no gloves)
MR       .....                  (no boots)
Stlth    +++.......             (no amulet)
HPRegen  0.06/turn              (no ring)
MPRegen  0.10/turn              (no ring)

@: no status effects
A: distributed training, fangs 1, strong nose
a: Animate Remains, Renounce Religion


You were on level 3 of the Dungeon.
You worshipped Yredelemnul.
Yredelemnul was aware of your devotion.
You were not hungry.

You visited 1 branch of the dungeon, and saw 3 of its levels.

You collected 8 gold pieces.

Inventory:

Missiles
 e - 6 curare-tipped needles
Armour
 a - a +0 robe (worn)
Scrolls
 d - a scroll of enchant armour {!r, unknown}
Books
 b - a book of Conjurations

   Spells                             Type                      Level
   a - Magic Dart                     Conjuration                  1
   b - Searing Ray                    Conjuration                  2
   c - Dazzling Spray                 Conjuration/Hexes            3
   d - Fulminant Prism                Conjuration/Hexes            4
   e - Force Lance                    Conjuration/Translocation    4
   f - Iskenderun's Mystic Blast      Conjuration                  4
Comestibles
 c - a bread ration


   Skills:
 + Level 0.2 Fighting
 + Level 0.2 Short Blades
 + Level 0.2 Long Blades
 + Level 0.2 Axes
 + Level 0.2 Maces & Flails
 + Level 0.2 Polearms
 + Level 0.2 Staves
 + Level 0.2 Slings
 + Level 0.2 Bows
 + Level 0.2 Crossbows
 + Level 0.2 Throwing
 + Level 0.2 Armour
 + Level 4.4 Dodging
 + Level 4.0 Stealth
 + Level 0.2 Shields
 + Level 0.2 Unarmed Combat
 + Level 4.9 Spellcasting
 + Level 8.4 Conjurations
 + Level 0.2 Hexes
 + Level 0.2 Charms
 + Level 0.2 Summonings
 + Level 0.2 Necromancy
 + Level 0.2 Translocations
 + Level 0.2 Transmutations
 + Level 0.2 Fire Magic
 + Level 0.2 Ice Magic
 + Level 0.2 Air Magic
 + Level 0.2 Earth Magic
 + Level 0.2 Poison Magic
 + Level 0.2 Invocations
 + Level 0.2 Evocations


You had 9 spell levels left.
You knew the following spells:

 Your Spells              Type           Power        Failure   Level  Hunger
a - Magic Dart            Conj           ####         1%          1    None


Dungeon Overview and Level Annotations

Branches:
Dungeon (3/15)

Altars:
Yredelemnul


Innate Abilities, Weirdness & Mutations

Your experience applies equally to all skills.
You have very sharp teeth.
Your uncanny sense of smell can sniff out nearby items.


Message History

Aiming: Magic Dart
Press: ? - help, Shift-Dir - straight line, f - jackal
Aim: a jackal (hasn't noticed you)
The magic dart hits the jackal.
The jackal is heavily wounded.
Casting: Magic Dart
Confirm with . or Enter, or press ? or * to list all spells.
Aiming: Magic Dart
Press: ? - help, Shift-Dir - straight line, f/p - jackal
Aim: a jackal (heavily wounded)
The magic dart hits the jackal.
You kill the jackal!
You have reached level 2!
You start resting.
A jackal comes into view.
Okay, then.
The jackal barks!
You hear a bark!
You hear a shout! x2
The jackal moves out of view.
You slide downwards.
The hatch slams shut behind you.
Found a stone staircase leading down.
You start resting.
Magic restored.
You start resting.
Magic restored.
A giant cockroach comes into view.
Found a leather armour.
Casting: Magic Dart
Confirm with . or Enter, or press ? or * to list all spells.
Aiming: Magic Dart
Press: ? - help, Shift-Dir - straight line, f - giant cockroach
Aim: a giant cockroach The magic dart hits the giant cockroach.
The giant cockroach is moderately wounded.
Casting: Magic Dart
Confirm with . or Enter, or press ? or * to list all spells.
Aiming: Magic Dart
Press: ? - help, Shift-Dir - straight line, f/p - giant cockroach
Aim: a giant cockroach (moderately wounded)
The magic dart hits the giant cockroach.
The giant cockroach is severely wounded.
Casting: Magic Dart
Confirm with . or Enter, or press ? or * to list all spells.
Aiming: Magic Dart
Press: ? - help, Shift-Dir - straight line, f/p - giant cockroach
Aim: a giant cockroach (severely wounded)
The magic dart hits the giant cockroach.
You kill the giant cockroach!
No target in view!
Found a faded altar of an unknown god. 2 orcs come into view.
An orc comes into view. It is wielding a dagger.
The orc shouts!
You hear a shout!
Found 2 tomahawks.
There is a faded altar of an unknown god here.
You cannot tell which god this altar belongs to.
Convert to them anyway?
Okay, then.
An orc is nearby!
You cannot tell which god this altar belongs to.
Convert to them anyway? [Y]es or [N]o only, please.
You cannot tell which god this altar belongs to.
Convert to them anyway?
Yredelemnul accepts your prayer! Yredelemnul welcomes you!
You can now animate remains.
Are you sure you want to abandon this character and quit the game? (Confirm with "yes".)

#.#.....
####.#.....
#....#.....
#.[.......oo
###......#####
#........###
#...#.......
#..#.#...###
#.#.@.#..#
#...#.#...#
#....#...##
#.... (..#
#...# ####
###. #. #


There were no monsters in sight!

Vanquished Creatures
  An ooze (D:2)
  A giant cockroach (D:3)
  2 jackals (D:2)
4 creatures vanquished.

Notes
Turn   | Place    | Note
-------+----------+-------------------------------------------
     0 | D:1      | Amnesiac the Gnoll Conjurer began the quest for the Orb.
     0 | D:1      | Reached XP level 1. HP: 13/13 MP: 6/6
    56 | D:2      | Noticed an orc priest
    78 | D:2      | Reached XP level 2. HP: 13/19 MP: 3/7
   121 | D:3      | Found a faded altar of an unknown god.
   129 | D:3      | Became a worshipper of Yredelemnul the Dark
   129 | D:3      | Reached * piety under Yredelemnul
   130 | D:3      | Quit the game

Vault maps used:
D:1:      dpeg_arrival_pits
D:2:      lemuel_blue_sif_altar, nicolae_overflow_hidden_temple,
          kennysheep_crisscross, uniq_sigmund, uniq_robin, uniq_jessica
D:3:      fedhas_altar_1, bloody_trog, chequers_ecumenical_altar_simple_redux

Action                   || total
-------------------------++-------
Melee: Unarmed           ||     3
 Cast: Magic Dart        ||    12
Dodge: Dodged            ||     2

Table legend:
 A = Spawn XP
 B = Non-spawn XP
 C = Spawn XP percentage of total XP
 D = Spawn monster count
 E = Non-spawn monster count
 F = Spawn count percentage of total count
 G = Total turns spent on level
                    A         B        C        D         E        F      G
               +---------+---------+-------+---------+---------+-------+---------
         Total |       0 |      13 |   0.0 |       0 |       4 |   0.0 |   130
               +---------+---------+-------+---------+---------+-------+---------
           D:2 |       0 |      11 |   0.0 |       0 |       3 |   0.0 |    79
           D:3 |       0 |       2 |   0.0 |       0 |       1 |   0.0 |    49
               +---------+---------+-------+---------+---------+-------+---------
